 Dungeon Crawl Stone Soup version 0.22-a0-362-g535178c (webtiles) character file.

102 Amnesiac the Magician (level 4, 0/30 HPs)
             Began as a Mummy Earth Elementalist on Apr 20, 2018.
             Slain by an orc
             ... wielding a +2 vampiric whip
              (3 damage)
             ... on level 3 of the Dungeon.
             The game lasted 00:02:02 (1286 turns).

Amnesiac the Magician (Mummy Earth Elementalist)    Turns: 1286, Time: 00:02:03

Health: 0/30       AC:  2    Str: 16    XL:     4   Next: 50%
Magic:  9/9        EV: 12    Int: 15    God:
Gold:   7          SH:  0    Dex: 12    Spells: 7/10 levels left

rFire    x . .     SeeInvis .   i - +0 trident
rCold    + . .     Gourm    .   (no shield)
rNeg     + + +     Faith    .   c - +0 robe
rPois    ∞         Spirit   .   (no helmet)
rElec    .         Reflect  .   (no cloak)
rCorr    .         Harm     .   (no gloves)
MR       .....                  (no boots)
Stlth    +.........             (no amulet)
HPRegen  0.10/turn              a - ring of loudness (curse)
MPRegen  0.11/turn              h - +5 ring of strength

@: no status effects
A: no food or potions, fire vulnerability, cold resistance 1, negative energy
resistance 3, torment resistance, unbreathing
a: no special abilities


You were on level 3 of the Dungeon.
You were not hungry.

You visited 1 branch of the dungeon, and saw 4 of its levels.

You collected 7 gold pieces.

Inventory:

Hand Weapons
 i - a +0 trident (weapon)
Missiles
 b - 25 stones (quivered)
Armour
 c - a +0 robe (worn)
Jewellery
 a - a cursed ring of loudness (left hand)
 h - a +5 ring of strength (right hand)
Scrolls
 d - 3 scrolls of identify {!r, unknown}
 e - 2 scrolls of magic mapping {!r, unknown}
 f - 2 scrolls of fog {!r, unknown}
 g - 3 scrolls of enchant armour {!r, unknown}
 j - a scroll of teleportation {!r, unknown}


   Skills:
 - Level 1.5 Dodging
 - Level 1.5 Stealth
 + Level 3.9 Spellcasting
 - Level 0.7 Transmutations
 * Level 3.9 Earth Magic


You had 7 spell levels left.
You knew the following spells:

 Your Spells              Type           Power        Failure   Level  Hunger
a - Sandblast             Erth           ##....       3%          1    N/A
b - Passwall              Tmut/Erth      #.........   11%         2    N/A

Dungeon Overview and Level Annotations

Branches:
Dungeon (4/15)
 Temple: D:4-7

Altars:

Annotations:
D:2 exclusion: downstairs
D:4 Blork the orc


Innate Abilities, Weirdness & Mutations

You do not eat or drink.
Your flesh is vulnerable to fire.
You are immune to poison.
Your flesh is cold resistant. (rC+)
You are immune to negative energy. (rN+++)
You are immune to unholy pain and torment.
You can survive without breathing.


Message History

Aim: a bat The blast of sand hits the bat.
You kill the bat!
b - 25 stones
Casting: Sandblast (safe; 3% risk of failure)
Confirm with . or Enter, or press ? or * to list all spells.
You can't see any susceptible monsters within range! (Use Z to cast anyway.)
Casting: Sandblast (safe; 3% risk of failure)
Confirm with . or Enter, or press ? or * to list all spells.
You can't see any susceptible monsters within range! (Use Z to cast anyway.)
Casting: Sandblast (safe; 3% risk of failure)
Confirm with . or Enter, or press ? or * to list all spells.
You can't see any susceptible monsters within range! (Use Z to cast anyway.)
Casting: Sandblast (safe; 3% risk of failure)
Confirm with . or Enter, or press ? or * to list all spells.
You can't see any susceptible monsters within range! (Use Z to cast anyway.)
You start resting.
Magic restored.
You start resting.
Magic restored.
You start resting.
An orc is nearby!
You start resting.
You start resting.
HP restored.
You start resting.
You start resting.
HP restored.
There is a stone staircase leading down here.
A hobgoblin comes into view. It is wielding a club.
The hobgoblin shouts!
You hear a shout!
The hobgoblin moves out of view.
A kobold comes into view. It is wielding a dagger.
A rat comes into view.
You hit the kobold.
You kill the kobold!
The hobgoblin hits you but does no damage.
You hit the hobgoblin.
You kill the hobgoblin!
Attack whom?
Press: ? - help, Dir - move target cursor, f - rat
Aim: a rat You reach to attack!
You closely miss the rat. The rat bites you.
You barely miss the rat. The rat bites you but does no damage.
You hit the rat.
You kill the rat!
No target in view!
Things that are here:
a club; a dagger; a rat corpse
Found a dagger.
The orc shouts!
The orc hits you with a vampiric whip.
You closely miss the orc. The orc hits you with a vampiric whip.
The orc hits you with a vampiric whip. The orc barely misses you.
The orc warrior hits you from afar with a trident!
Ouch! That really hurt!
* * * LOW HITPOINT WARNING * * *
Press: ? - help, v - describe, . - travel
Here: an orc, wielding a vampiric whip The floor.
Unknown command.
The orc hits you with a vampiric whip.
You die...

#.###..........# #..
#...#..........# . #.##
#............#.# #..#
#............#.# ##.. ##
###.#...........# ##.
...#####..........>...##
###.
.......##..........##
#... #..####.)........#
#...
#..<[)).@o..o...######)..
##.###..#.....o..........
#.##..#..##.....#####...
#.##.##.###........##...
#.#..#..# #........##...
#.#.##.## #.)#.....#####
.... ######..#.....# ....
##....>..##### ...
##.........##


You could see an orc warrior and 2 orcs.

Vanquished Creatures
  A howler monkey (D:3)
  2 adders
  A worm (D:2)
  A dart slug (D:2)
  A leopard gecko (D:1)
  5 orcs
  A ball python (D:2)
  2 giant cockroaches
  2 goblins
  2 hobgoblins
  3 kobolds (D:3)
  2 quokkas (D:3)
  6 bats
  2 frilled lizards (D:3)
  3 rats
34 creatures vanquished.

Notes
Turn   | Place    | Note
-------+----------+-------------------------------------------
     0 | D:1      | Amnesiac the Mummy Earth Elementalist began the quest for the Orb.
     0 | D:1      | Reached XP level 1. HP: 13/13 MP: 4/4
   344 | D:2      | Reached XP level 2. HP: 19/19 MP: 1/6
   385 | D:2      | Learned a level 2 spell: Passwall
   546 | D:3      | Noticed an orc warrior
   549 | D:2      | Reached XP level 3. HP: 14/24 MP: 5/7
   854 | D:3      | Reached XP level 4. HP: 29/30 MP: 1/9
   930 | D:4      | Noticed Blork the orc
  1273 | D:3      | HP: 1/30 [orc warrior/trident (16)]
  1286 | D:3      | Slain by an orc

Vault maps used:
D:1:      dpeg_arrival_rooms_b, kennysheep_boxes
D:2:      grunt_qazlal_clouds
D:3:      lemuel_castle_with_subvaults, first_ration
D:4:      gammafunk_cloud_chamber, uniq_duvessa, uniq_pikel, uniq_sigmund,
          uniq_blork_the_orc, uniq_edmund

Skill      XL: |  1 |
---------------+----+-----
Spellcasting   | 3 |  3.9
Earth Magic    | 3 |  3.9
Dodging        | |  1.5
Stealth        | |  1.5
Transmutations | |  0.7

Action                   |  1- 3 |  4- 6 || total
-------------------------+-------+-------++-------
Melee: Unarmed           |    36 |       ||    36
       Trident           |     4 |    33 ||    37
 Cast: Sandblast         |    30 |     4 ||    34
Armor: Robe              |    28 |    11 ||    39
Dodge: Dodged            |    41 |    21 ||    62

Table legend:
 A = Spawn XP
 B = Non-spawn XP
 C = Spawn XP percentage of total XP
 D = Spawn monster count
 E = Non-spawn monster count
 F = Spawn count percentage of total count
 G = Total turns spent on level
                    A         B        C        D         E        F      G
               +---------+---------+-------+---------+---------+-------+---------
         Total |       0 |     147 |   0.0 |       0 |      34 |   0.0 |  1286
               +---------+---------+-------+---------+---------+-------+---------
           D:1 |       0 |       7 |   0.0 |       0 |       4 |   0.0 |   326
           D:2 |       0 |      37 |   0.0 |       0 |      10 |   0.0 |   480
           D:3 |       0 |     103 |   0.0 |       0 |      20 |   0.0 |   455
               +---------+---------+-------+---------+---------+-------+---------
